 Dungeon Crawl Stone Soup version 0.28.0-45-g0d030f2227 (webtiles) character file.

Game seed: 8364768189330806525

23594 jimonade the Thaumaturge (level 13, -5/95 HPs)
             Began as a Djinni Ice Elementalist on Apr 9, 2022.
             Was a Follower of Makhleb.
             Shot with an arrow by Nessos (19 damage)
             ... on level 13 of the Dungeon.
             The game lasted 01:32:20 (16337 turns).

jimonade the Thaumaturge (Djinni Ice Elementalist) Turns: 16337, Time: 01:32:21

Health: -5/95      AC: 13    Str: 11    XL:     13   Next: 36%
Gold:   636        EV: 13    Int: 18    God:    Makhleb [*.....] SH:  0 Dex: 14

rFire   + + .      SeeInvis +   x - +9 dagger "Newtslayer" {vorpal, rPois}
rCold   x . .      Faith    .   (no shield)
rNeg    . . .      Spirit   .   T - +2 troll leather armour
rPois   ∞          Reflect  .   e - +2 helmet
rElec   .          Harm     .   E - +2 cloak
rCorr   .          Rampage  .   (no gloves)
Will    +....                   (boots unavailable)
Stlth   ++........              J - amulet of the acrobat
HPRegen 1.05/turn               R - ring of see invisible
MPRegen 0.00/turn               (no ring)

@: about to teleport, flying
A: sickness immunity, fire resistance 2, cold vulnerability 1, float, innate
caster, HP casting, extra vitality 1
a: Renounce Religion


You were on level 13 of the Dungeon.
You worshipped Makhleb.
Makhleb was aware of your devotion.
You visited 2 branches of the dungeon, and saw 14 of its levels.
You also visited: Sewer.

You collected 636 gold pieces.

Inventory:

Hand Weapons
 x - the +9 dagger "Newtslayer" (weapon) {vorpal, rPois}
   (You found it on level 8 of the Dungeon)

   It inflicts extra damage upon your enemies.
   rPois:     It protects you from poison.
 A - a +2 whip of venom
 H - a +1 spectral quarterstaff
 S - a +4 shortbow
Missiles
 c - 2 throwing nets
 h - 2 boomerangs of dispersal
 k - 359 stones
 m - a curare-tipped dart
 o - 145 sling bullets
 p - 7 javelins
 q - 91 bolts
 v - 8 boomerangs
 y - 273 arrows
 C - 23 poisoned darts (quivered)
Armour
 e - a +2 helmet (worn)
 w - a scarf of shadows
 E - a +2 cloak (worn)
 I - a +3 ring mail
 T - a +2 troll leather armour (worn)
Jewellery
 u - a ring of ice
 J - an amulet of the acrobat (around neck)
 R - a ring of see invisible (left hand)
Wands
 d - a wand of iceblast (6)
 F - a wand of charming (6)
 G - a wand of acid (11)
 K - a wand of polymorph (5)
 M - a wand of mindburst (10)
 O - a wand of flame (35)
 U - a wand of digging (2)
Scrolls
 f - 2 scrolls of noise {unknown}
 j - 4 scrolls of fog
 r - 2 scrolls of fear
 s - a scroll of summoning
 z - a scroll of enchant armour
 B - a scroll of immolation {unknown}
 L - 9 scrolls of teleportation
 N - a scroll of brand weapon {unknown}
 P - a scroll of silence {unknown}
Potions
 a - a potion of flight {unknown}
 b - 8 potions of curing
 g - a potion of berserk rage
 i - a potion of magic {unknown}
 l - a potion of brilliance
 n - a potion of invisibility
 t - a potion of heal wounds {unknown}
 D - 4 potions of might
 Q - 2 potions of cancellation


   Skills:
 * Level 9.7 Fighting
 + Level 3.6 Short Blades
 - Level 4.1 Maces & Flails
 - Level 1.3 Throwing
 + Level 5.0 Armour
 + Level 3.9 Dodging
 - Level 1.5 Stealth
 + Level 13.6 Spellcasting


You had 9 spell levels left.
You knew the following spells:

 Your Spells              Type           Power      Damage    Failure   Level
a - Freeze                Ice            100%       1d11      1%          1
b - Frozen Ramparts       Ice            100%       1d12      1%          3
c - Ozocubu's Armour      Ice            57%        N/A       1%          3
d - Hailstorm             Conj/Ice       57%        3d12      1%          4
e - Shock                 Conj/Air       100%       1d9       1%          1
f - Corpse Rot            Necr/Air       100%       N/A       1%          2
g - Gell's Gravitas       Tloc           57%        N/A       1%          3
h - Fulminant Prism       Conj/Hex       28%        3d14      1%          4
i - Summon Lightning Spi  Summ/Air       57%        N/A       1%          4
j - Irradiate             Conj/Tmut      28%        3d23      1%          5
Your spell library was empty.

Dungeon Overview and Level Annotations

Branches:
Dungeon (13/15)            Temple (1/1) D:5            Lair (0/6) D:9
    Orc (0/2) D:9           Sewer (visited)
 Vaults: D:13-14

Altars:
Ashenzari
Cheibriados
Dithmenos
Elyvilon
Fedhas
Gozag
Hepliaklqana
Kikubaaqudgha
Makhleb
Nemelex Xobeh
Okawaru
Qazlal
Ru
Sif Muna
Trog
Uskayaw
Vehumet
Wu Jian
Xom
Yredelemnul
Zin
The Shining One

Shops:
D:5 *   D:7 **   D:11 *

Annotations:
D:9 1 runed translucent door, Zeor's ghost, novice GrGl
D:11 1 runed translucent door, zeratav's ghost, journeyman OpTm
D:12 1 runed translucent door, boopmooplesden's ghost, journeyman MiFi
D:13 Nessos


Innate Abilities, Weirdness & Mutations

You are immune to sickness and miasma.
You are immune to poison.
Your flesh is very heat resistant. (rF++)
You are vulnerable to cold. (rC-)
You float through the air rather than walking.
You learn spells naturally, not from books.
Your magical power is your life essence.
You have superior vitality. (+4 MHP)


Message History

Your icy armour starts to melt.
Nessos intently looks at you, slowly moving their tail.
Nessos shoots an arrow.
The arrow misses you.
Nessos shoots an arrow.
The arrow closely misses you.
Nessos shoots an arrow.
The arrow completely misses you.
Nessos mumbles some strange words.
Nessos blinks!
A centaur comes into view.
Nessos gestures wildly while chanting.
Nessos blinks!
The frozen ramparts melt away.
Nessos shoots an arrow.
The arrow hits you!
Nessos shoots an arrow.
The arrow hits you!!
* * * LOW HITPOINT WARNING * * *
The arrow burns you.
* * * LOW HITPOINT WARNING * * *
The heat melts your icy armour.
Casting: Fulminant Prism (safe; 1% risk of failure)
Confirm with . or Enter, or press ? or * to list all spells.
Okay, then.
Unknown command.
Unknown command.
Unknown command.
Okay, then.
Unknown command.
Casting: Fulminant Prism (safe; 1% risk of failure)
Confirm with . or Enter, or press ? or * to list all spells.
An electric hum fills the air.
* * * LOW HITPOINT WARNING * * *
Nessos shoots an arrow.
The arrow misses you.
Nessos shoots an arrow.
The arrow hits you!
* * * LOW HITPOINT WARNING * * *
The heat melts your icy armour.
Okay, then.
Unknown command.
As you read the scroll of teleportation, it crumbles to dust.
You feel strangely unstable.
Your icy armour evaporates.
Nessos shoots an arrow.
The arrow completely misses you.
Nessos shoots an arrow.
The arrow hits you!!
You die...

######## #....... ####.......
#### #.......≈.. ...#
#.......... ### #..
#..≈≈≈≈.≈..
.....#.############.≈≈≈≈≈.≈..
.......).)))@.....c..≈≈≈≈....
.....#..######8####...≈≈≈....
......... #.# #..........
##.....>.# #.# #..........
##......# #.# #...#...###
#....... #.# #...#...#
#.....#. #.# #####...#
......#.. #.# #####


You could see Nessos (fast, ally target) and a friendly lightning spire
(summoned).

Vanquished Creatures
  Gastronok (D:10)
  Josephine (D:11)
  A boulder beetle (D:13)
  Harold (D:10)
  Erica (D:8)
  A two-headed ogre (D:11)
  A centaur warrior (D:13)
  Urug (D:10)
  Nergalle (D:11)
  Pikel (D:6)
  A manticore (D:13)
  2 cyclopes
  Maggie (D:9)
  2 gargoyles
  3 komodo dragons
  An unseen horror (D:12)
  A hornet (D:10)
  2 trolls
  2 slime creatures (D:12)
  Sigmund (D:6)
  A vampire (D:11)
  3 wraiths
  3 yaks
  6 basilisks
  2 steam dragons (D:7)
  9 orc warriors
  A swamp drake (D:9)
  Pargi (Sewer)
  2 sky beasts
  An ice beast (D:6)
  A black bear (D:4)
  A black bear (shapeshifter) (D:12)
  A necrophage (D:5)
  A hornet zombie (D:6)
  5 ogres
  4 centaurs
  2 phantoms
  2 lemures (D:6)
  3 kobold brigands
  A gnoll sergeant (D:9)
  2 scorpions
  A water moccasin zombie (D:5)
  5 wights (D:8)
  10 killer bees
  3 howler monkeys
  An electric eel (D:7)
  2 centaur zombies
  A jelly (D:8)
  3 orc priests (D:7)
  2 hounds
  A gnoll shaman (D:4)
  3 iguanas
  9 orc wizards
  A killer bee zombie (D:7)
  A hound skeleton (D:4)
  A howler monkey zombie (D:9)
  Robin (D:2)
  17 gnolls
  8 adders
  A howler monkey skeleton (D:6)
  A shadow imp (D:7)
  3 white imps
  An ufetubus (D:6)
  2 worms (D:4)
  2 dart slugs
  32 orcs
  5 bats
  7 endoplasms
  3 giant cockroaches
  12 goblins
  8 hobgoblins
  10 jackals
  20 kobolds
  3 quokkas
  4 ball pythons
  4 rats
  6 fulminant prisms
272 creatures vanquished.

Vanquished Creatures (collateral kills)
  A hydra (D:12)
  A two-headed ogre (D:11)
  2 manticores (D:12)
  A deep elf pyromancer (D:12)
  Joseph (D:10)
  A troll (D:10)
  A shadow (D:11)
  A vampire (D:12)
  4 wraiths
  A yak (D:9)
  3 vampire mosquitoes (D:13)
  An orc warrior (D:11)
  3 centaurs
  A howler monkey (D:9)
  3 centaur zombies
25 creatures vanquished.

Vanquished Creatures (others)
  A two-headed ogre (D:13)
  A deep elf pyromancer (D:13)
  A wraith (D:13)
  75 fulminant prisms
  6 plants (D:9)
84 creatures vanquished.

Grand Total: 381 creatures vanquished

Notes
Turn   | Place    | Note
-------+----------+-------------------------------------------
     0 | D:1      | jimonade the Djinni Ice Elementalist began the quest for
                  | the Orb.
     0 | D:1      | Reached XP level 1. HP: 15/15 MP: 0/0
    24 | D:1      | Reached XP level 2. HP: 18/21 MP: 0/0
   398 | D:1      | Reached XP level 3. HP: 19/26 MP: 0/0
   398 | D:1      | Learned a level 1 spell: Shock
  1280 | D:2      | Reached skill level 4 in Spellcasting
  1434 | D:2      | Reached XP level 4. HP: 27/31 MP: 0/0
  1533 | D:2      | Reached skill level 1 in Fighting
  2510 | D:2      | Reached XP level 5. HP: 37/37 MP: 0/0
  2510 | D:2      | Learned a level 2 spell: Corpse Rot
  2724 | D:2      | Noticed Robin
  2864 | D:2      | Killed Robin
  3263 | D:3      | Found a shimmering altar of Xom.
  3459 | D:3      | Found a faded altar of an unknown god.
  4070 | D:3      | Reached skill level 5 in Spellcasting
  4105 | D:3      | Reached XP level 6. HP: 35/42 MP: 0/0
  4572 | D:4      | Noticed an ogre
  4627 | D:4      | Noticed an ogre
  4632 | D:4      | Killed an ogre
  4804 | D:4      | Killed an ogre
  4805 | D:4      | Reached skill level 1 in Throwing
  4805 | D:4      | Reached XP level 7. HP: 12/48 MP: 0/0
  4805 | D:4      | Learned a level 3 spell: Gell's Gravitas
  5103 | D:4      | Found a glowing drain.
  5113 | Sewer    | Entered a sewer
  5226 | Sewer    | Noticed Pargi
  5277 | Sewer    | Killed Pargi
  5484 | D:4      | Reached skill level 6 in Spellcasting
  5833 | D:4      | Reached XP level 8. HP: 35/55 MP: 0/0
  5964 | D:4      | Reached skill level 1 in Maces & Flails
  6065 | D:5      | Entered Level 5 of the Dungeon
  6202 | D:5      | Found a hazy altar of Hepliaklqana.
  6203 | D:5      | Found a faded altar of an unknown god.
  6212 | D:5      | Reached skill level 1 in Armour
  6226 | D:5      | Found a faded altar of an unknown god.
  6342 | D:5      | Found a staircase to the Ecumenical Temple.
  6351 | Temple   | Entered the Ecumenical Temple
  6655 | D:5      | Found Niucefa's General Store.
  6681 | D:5      | Reached skill level 7 in Spellcasting
  7328 | D:5      | Reached XP level 9. HP: 59/62 MP: 0/0
  7328 | D:5      | Learned a level 4 spell: Fulminant Prism
  7565 | D:6      | Noticed Sigmund
  7585 | D:6      | Killed Sigmund
  7671 | D:6      | Found a basalt altar of Yredelemnul.
  7720 | D:6      | Noticed Pikel
  7740 | D:6      | Killed Pikel
  8515 | D:7      | Reached skill level 8 in Spellcasting
  8588 | D:7      | Reached skill level 5 in Fighting
  8588 | D:7      | Reached XP level 10. HP: 69/70 MP: 0/0
  8659 | D:7      | Found a snail-covered altar of Cheibriados.
  8695 | D:7      | Found Junus's General Store.
  8697 | D:7      | Found Qyoles's Specific Store.
  8723 | D:7      | HP: 2/70 [ogre/+0 giant club (24)]
  9144 | D:7      | Reached skill level 9 in Spellcasting
  9795 | D:8      | Noticed Erica
  9825 | D:8      | Killed Erica
  9870 | D:8      | Identified the +9 dagger "Newtslayer" {vorpal, rPois}
 10010 | D:8      | Noticed a cyclops
 10019 | D:8      | Killed a cyclops
 10020 | D:8      | Reached skill level 10 in Spellcasting
 10233 | D:9      | Reached XP level 11. HP: 74/78 MP: 0/0
 10233 | D:9      | Learned a level 4 spell: Summon Lightning Spire
 10375 | D:9      | Found a staircase to the Orcish Mines.
 10384 | D:9      | Reached skill level 1 in Short Blades
 10619 | D:9      | Found a runed translucent door.
 10620 | D:9      | Noticed Zeor's ghost (novice GrGl)
 10642 | D:9      | Identified the +3 spear of Parts Unknown {venom, rC+ Str+2}
 10744 | D:9      | Noticed Maggie
 10757 | D:9      | Killed Maggie
 11213 | D:9      | Found a staircase to the Lair.
 11774 | D:10     | Entered Level 10 of the Dungeon
 11859 | D:10     | Noticed Joseph
 11874 | D:10     | Killed Joseph
 11900 | D:10     | Found a glowing golden altar of the Shining One.
 12326 | D:10     | Noticed Gastronok
 12350 | D:10     | Killed Gastronok
 12351 | D:10     | Reached skill level 11 in Spellcasting
 12498 | D:10     | Noticed Harold
 12520 | D:10     | Killed Harold
 12577 | D:10     | Found a shadowy altar of Dithmenos.
 12912 | D:10     | Found a burning altar of Makhleb.
 12972 | D:10     | Noticed Urug
 12982 | D:10     | Killed Urug
 12983 | D:10     | Reached XP level 12. HP: 84/87 MP: 0/0
 13138 | D:11     | Noticed Josephine
 13430 | D:11     | Noticed a two-headed ogre
 13445 | D:11     | Killed a two-headed ogre
 13674 | D:11     | Noticed a two-headed ogre
 13684 | D:11     | Reached skill level 12 in Spellcasting
 13717 | D:11     | Killed a two-headed ogre
 13859 | D:11     | Found Qethry's Assorted Antiques.
 13867 | D:11     | Noticed Nergalle
 13897 | D:11     | Killed Nergalle
 13899 | D:11     | Killed Josephine
 14182 | D:11     | Found a runed translucent door.
 14183 | D:11     | Noticed zeratav's ghost (journeyman OpTm)
 14714 | D:10     | Became a worshipper of Makhleb the Destroyer
 15033 | D:12     | Found a runed translucent door.
 15343 | D:12     | Noticed a four-headed hydra
 15350 | D:12     | Killed a four-headed hydra
 15351 | D:12     | Reached skill level 13 in Spellcasting
 15351 | D:12     | Reached XP level 13. HP: 91/94 MP: 0/0
 15351 | D:12     | Learned a level 5 spell: Irradiate
 15612 | D:12     | Noticed boopmooplesden's ghost (journeyman MiFi)
 15859 | D:13     | Identified the +1 great sword of Dominance {flame, Fragile
                  | Str+2 Dex+8 SInv}
 15887 | D:13     | Noticed a boulder beetle
 15905 | D:13     | Killed a boulder beetle
 16022 | D:13     | Noticed a centaur warrior
 16201 | D:13     | Killed a centaur warrior
 16202 | D:13     | Reached skill level 5 in Armour
 16294 | D:13     | Noticed Nessos
 16303 | D:13     | Reached * piety under Makhleb
 16337 | D:13     | Shot with an arrow by Nessos

Illustrated notes

Levels and vault maps discovered:
D:1:      matt_arrival_spirals, layout_loops_ring
D:2:      layout_basic, minmay_misc_feat_secret_circle, uniq_robin
D:3:      layout_loops_corners, mainiacjoe_overflow_six_doors_small,
          shapermc_ecumenical_altar_mp_urbaneastern,
          nicolae_concentric_dashed_squares_mild
D:4:      layout_basic, cheibrodos_sewer_entry_drain
D:5:      layout_basic, nicolae_hepliaklqana_ecumenical_no_more,
          minmay_temple_entry_glassed_door, serial_shops,
          nicolae_shop_statue_plus, serial_co_window_serial, co_window_paths_a,
          co_window_paths_a, co_window_paths_a, co_window_paths_a,
          co_window_corner_a, co_window_paths_a, co_window_paths_b,
          co_window_corner_ca, co_window_of_opportunity_b, co_window_2corner,
          co_window_broadway_a, co_window_cross_2, co_window_paths_c,
          glass_columns_a, glass_columns_b, glass_columns_b, glass_columns_a,
          glass_columns_a, water_maze_lemuel
D:6:      layout_gridville, grunt_temple_overflow_magic_moments,
          general_overflow_altar, uniq_sigmund, uniq_pikel
D:7:      wander_river, layout_basic, lemuel_crystal_altar,
          kennysheep_cross_room, hangedman_decor_clover_reticule,
          nicolae_specific_store
D:8:      layout_rooms, kennysheep_windowed_goal, uniq_erica
D:9:      layout_roguey, erik_lair_dragon, david_orc_2,
          ebering_ghost_funeral_grove, serial_rivers,
          chequers_serial_rivers_small_a, chequers_serial_rivers_room_a,
          chequers_serial_rivers_micro_a, chequers_serial_rivers_large_a,
          chequers_serial_rivers_micro_d, minmay_misc_feat_five, uniq_maggie
D:10:     layout_layer_cave, nicolae_overflow_hidden_temple, uniq_harold,
          uniq_urug, uniq_gastronok, uniq_joseph
D:11:     layout_loops_ring, ebering_ghost_reflecting_pool, serial_shops,
          nicolae_shop_competitors_out_of_business, kennysheep_generic_room_16,
          uniq_josephine, uniq_nergalle
D:12:     layout_loops_ring, ebering_ghost_reflecting_pool
D:13:     layout_basic, gammafunk_ghost_abyssal_escape, uniq_nessos
Temple:   hc_temple_tempest_star

Skill      XL: |  1  2  3  4  5  6  7  8  9 10 11 12 13 |
---------------+----------------------------------------+-----
Spellcasting   | 4 5 6 7 8 10 11 13 | 13.6
Fighting       | 1 2 3 5 6 8 9 |  9.7
Throwing       | 1 |  1.3
Maces & Flails | 2 3 4 |  4.1
Armour         | 2 3 4 5 |  5.0
Dodging        | 3 |  3.9
Short Blades   | 2 3 |  3.6
Stealth        | |  1.5

Action                   |  1- 3 |  4- 6 |  7- 9 | 10-12 | 13-15 || total
-------------------------+-------+-------+-------+-------+-------++-------
Melee: Short sword       |     2 |       |       |       |       ||     2
       Dagger            |     4 |    25 |       |    84 |     6 ||   119
       Whip              |       |    10 |   200 |    29 |       ||   239
       Punch             |       |       |     3 |     3 |       ||     6
Throw: Boomerang         |       |    22 |       |       |       ||    22
       Dart              |       |     7 |       |       |       ||     7
       Stone             |       |     2 |       |       |       ||     2
 Cast: Freeze            |    35 |    63 |     3 |       |       ||   101
       Frozen Ramparts   |       |     8 |    21 |    48 |     8 ||    85
       Ozocubu's Armour  |       |     3 |    16 |    39 |     6 ||    64
       Shock             |       |       |    25 |     7 |       ||    32
       Hailstorm         |       |       |     2 |     2 |       ||     4
       Gell's Gravitas   |       |       |     1 |       |       ||     1
       Fulminant Prism   |       |       |    15 |    54 |    12 ||    81
       Summon Lightning  |       |       |       |    54 |     6 ||    60
  Use: Scroll            |       |       |       |    18 |     1 ||    19
       Potion            |       |       |       |     1 |       ||     1
 Stab: Sleeping          |       |     1 |     4 |       |       ||     5
       Distracted        |       |       |       |       |     2 ||     2
Armor: Robe              |     7 |    15 |     5 |       |       ||    27
       Troll leather arm |       |       |    60 |    87 |    29 ||   176
Dodge: Dodged            |    17 |    47 |   113 |   216 |   122 ||   515
